 Dungeon Crawl Stone Soup version 0.28-a0-1152-g9c71ebef14 (webtiles) character file.

Game seed: 14913192433055534191

492 mainiacjoe the Ruffian (level 6, -2/62 HPs)
             Began as a Troll Hunter on Dec 14, 2021.
             Slain by a hornet (13 damage)
             ... on level 6 of the Dungeon on Dec 15, 2021.
             The game lasted 00:07:15 (2693 turns).

mainiacjoe the Ruffian (Troll Hunter)               Turns: 2693, Time: 00:07:15

Health: -2/62      AC:  4    Str: 21    XL:     6   Next: 91%
Magic:  5/5        EV: 10    Int:  7    God:
Gold:   113        SH:  0    Dex: 12    Spells: 5/5 levels left

rFire   . . .      SeeInvis .     - Unarmed
rCold   . . .      Faith    .   (no shield)
rNeg    . . .      Spirit   .   m - +0 robe
rPois   .          Reflect  .   (helmet restricted)
rElec   .          Harm     .   (no cloak)
rCorr   +          Rampage  .   (gloves unavailable)
Will    .....                   (boots unavailable)
Stlth   +.........              (no amulet)
HPRegen 1.00/turn               q - ring of resist corrosion
MPRegen 0.09/turn               (no ring)

@: lethally poisoned (-2 -> -5), slowed, very slow
A: large, unfitting armour, claws 3, regeneration 1, shaggy fur 1, tough skin 1
a: no special abilities


You were on level 6 of the Dungeon.
You visited 1 branch of the dungeon, and saw 6 of its levels.

You collected 152 gold pieces.
You spent 39 gold pieces at shops.

Inventory:

Hand Weapons
 b - a +0 hunting sling
Missiles
 a - 189 stones
 c - 5 large rocks {=f}
 d - 2 throwing nets {=F}
 f - 60 sling bullets
 j - 37 poisoned darts (quivered)
 k - 49 arrows
 s - 12 bolts
 y - 5 curare-tipped darts {=F}
Armour
 m - a +0 robe (worn)
Jewellery
 q - a ring of resist corrosion (left claw)
Wands
 l - a wand of acid (1)
Scrolls
 g - a scroll of torment {unknown}
 h - 2 scrolls of teleportation {unknown}
 o - a scroll of enchant armour {unknown}
 p - a scroll of enchant weapon {unknown}
 r - 2 scrolls of identify {unknown}
 u - a scroll of noise {unknown}
Potions
 e - a potion of mutation {unknown}
 i - 3 potions of haste {unknown}
 n - 2 potions of curing
 t - a potion of berserk rage {unknown}
 v - a potion of cancellation {unknown}
 w - a potion of flight {unknown}
 x - a potion of heal wounds {unknown}


   Skills:
 + Level 3.7 Fighting
 - Level 3.6 Throwing
 - Level 1.5 Dodging
 - Level 0.3 Stealth
 * Level 5.8 Unarmed Combat


You had 5 spell levels left.
You didn't know any spells.
Your spell library contained the following spells:

 Spells                   Type           Power      Damage    Failure   Level
 Pain                     Necr           0%         1d4       43%         1
 Ensorcelled Hibernation  Hex/Ice        0%         N/A       56%         2
 Sublimation of Blood     Necr           0%         N/A       56%         2
 Wereblood                Tmut           0%         N/A       56%         2
 Spider Form              Tmut/Pois      0%         N/A       80%         3
 Agony                    Necr           0%         N/A       100%        5
 Excruciating Wounds      Necr           0%         N/A       100%        5
 Summon Hydra             Summ           0%         N/A       100%        7


Dungeon Overview and Level Annotations

Branches:
Dungeon (7/15)
 Temple: D:4-7

Altars:

Shops:
D:4 *


Innate Abilities, Weirdness & Mutations

You are too large for most types of armour.
You have claws for hands.
Your natural rate of healing is unusually fast.
You are covered in fur. (AC +1)
You have tough skin. (AC +1)


Message History

Press: ? - help, Q - select action, (/) - cycle Shift-Dir - straight line, f - hornet
Aim: a hornet (44% to hit)
You throw a poisoned dart.
The poisoned dart closely misses the hornet.
The hornet closely misses you.
Throw: 39 darts (poison)
Press: ? - help, Q - select action, (/) - cycle Shift-Dir - straight line, f/p - hornet
Aim: a hornet (44% to hit)
You throw a poisoned dart. The poisoned dart misses the hornet.
The hornet stings you!
You feel yourself slow down.
Unknown command.
Throw: 38 darts (poison)
Press: ? - help, Q - select action, (/) - cycle Shift-Dir - straight line, f/p - hornet
Aim: a hornet (44% to hit)
You throw a poisoned dart. The poisoned dart hits the hornet.
The hornet is poisoned.
The hornet stings you!
You are poisoned.
You feel as though you will be slow longer.
The hornet barely misses you.
You scratch the hornet but do no damage.
Your claw misses the hornet.
The hornet is lightly wounded.
You feel very sick. The hornet stings you!
You feel as though you will be slow longer.
The hornet barely misses you.
You miss the hornet.
The hornet is lightly wounded.
You feel sick. The hornet stings you!
* * * LOW HITPOINT WARNING * * *
You are more poisoned.
You feel as though you will be slow longer.
The hornet barely misses you.
It was a potion of curing.
You feel better. The hornet stings you!
* * * LOW HITPOINT WARNING * * *
You are poisoned.
You feel as though you will be slow longer.
The hornet stings you!
You die...

#.#
#.#
#.#
#.#
#.#
#.#
#y#
#@#
#.#
...
.#.##
#+###


You could see a hornet (poisoned).

Vanquished Creatures
  2 water moccasins
  A jelly (D:7)
  A bullfrog skeleton (D:7)
  An orc wizard (D:3)
  5 gnolls
  5 adders
  3 worms
  A dart slug (D:2)
  6 orcs
  14 endoplasms
  4 giant cockroaches
  6 goblins (D:1)
  7 hobgoblins
  A jackal (D:1)
  5 quokkas
  6 ball pythons
  10 bats
  2 frilled lizards
  10 kobolds
  3 rats
93 creatures vanquished.

Notes
Turn   | Place    | Note
-------+----------+-------------------------------------------
     0 | D:1      | mainiacjoe the Troll Hunter began the quest for the Orb.
     0 | D:1      | Reached XP level 1. HP: 19/19 MP: 0/0
    40 | D:1      | Found a faded altar of an unknown god.
    81 | D:1      | Reached skill level 1 in Unarmed Combat
   154 | D:1      | Reached XP level 2. HP: 24/28 MP: 1/1
   223 | D:1      | Reached skill level 2 in Unarmed Combat
   262 | D:1      | Reached XP level 3. HP: 35/35 MP: 2/2
   773 | D:1      | Reached skill level 3 in Unarmed Combat
   773 | D:1      | Reached XP level 4. HP: 37/44 MP: 3/3
  1399 | D:3      | Reached XP level 5. HP: 49/50 MP: 4/4
  1655 | D:3      | Reached skill level 4 in Unarmed Combat
  2556 | D:4      | Found Ojiravoe's Serpentskin Sales.
  2556 | D:4      | Noticed a water moccasin
  2564 | D:4      | Killed a water moccasin
  2565 | D:4      | Reached skill level 5 in Unarmed Combat
  2565 | D:4      | Reached XP level 6. HP: 56/61 MP: 5/5
  2576 | D:4      | Bought 5 curare-tipped darts for 39 gold pieces
  2602 | D:4      | You fall into a shaft and drop 3 floors!
  2602 | D:7      | Noticed a water moccasin
  2618 | D:7      | Killed a water moccasin
  2682 | D:7      | Noticed a hornet
  2693 | D:6      | Slain by a hornet

Illustrated notes

Levels and vault maps discovered:
D:1:      erik_arrival_triangle_small, layout_basic,
          dreamdust_ecumenical_altar_angels_and_demons, minmay_close_crescents
D:2:      layout_basic, minmay_distorted
D:3:      layout_basic, minmay_fractal_squares_diagonal_5
D:4:      layout_basic, guppyfry_shop_venom
D:6:      layout_loops_ring, minmay_temple_entry_hall, serial_co_window_serial,
          co_window_paths_a, co_window_paths_a, co_window_paths_a,
          co_window_corner_a, co_window_of_opportunity_a,
          co_window_of_opportunity_b, co_window_of_opportunity_b,
          co_window_broadway_a, co_window_of_opportunity_c,
          co_window_broadway_a, co_window_paths_e, co_window_4corner_b,
          glass_columns_a, serial_shops, kennysheep_mini
D:7:      minmay_the_grid_four_pointed_star
          [minmay_the_grid_triangle_9x9_tough_junction,
          minmay_the_grid_triangle_9x9_skeleton,
          minmay_the_grid_triangle_9x9_thin_v,
          minmay_the_grid_triangle_9x9_zippers_horizontal,
          minmay_the_grid_prize_four_corners], layout_basic

Skill      XL: |  1  2  3  4  5 |
---------------+----------------+-----
Unarmed Combat | 1 2 3 5 |  5.8
Fighting       | 2 3 |  3.7
Throwing       | |  3.6
Dodging        | |  1.5
Stealth        | |  0.3

Action                   |  1- 3 |  4- 6 || total
-------------------------+-------+-------++-------
Melee: Unarmed           |    85 |    58 ||   143
       Punch             |     1 |     1 ||     2
 Fire: Hunting sling     |       |    91 ||    91
Throw: Stone             |    38 |    54 ||    92
       Dart              |       |    30 ||    30
Evoke: Wand              |       |     2 ||     2
  Use: Potion            |       |     1 ||     1
Armor: Robe              |    34 |    40 ||    74
Dodge: Dodged            |    41 |    44 ||    85

Table legend: (Time is in decaauts)
 A = Elapsed time spent in this place.
 B = Non-inter-level travel time spent in this place.
 C = Inter-level travel time spent in this place.
 D = Time resting spent in this place.
 E = Time spent auto-exploring this place.
 F = Levels seen in this place.
 G = Mean time per level.
                   A        B        C        D        E       F      G
               +--------+--------+--------+--------+--------+-----+--------+
         Total |   2678 |   2572 |    106 |     30 |   1891 |   6 |  446.3 |
       Dungeon |   2678 |   2572 |    106 |     30 |   1891 |   6 |  446.3 |
               +--------+--------+--------+--------+--------+-----+--------+

Top non-repeatable levels by time:
     D:3: 990 daAuts
     D:1: 727 daAuts
     D:2: 640 daAuts
     D:4: 229 daAuts
     D:7: 84 daAuts
     D:6: 6 daAuts
